 Dungeon Crawl Stone Soup version 0.30-a0-1103-g25895a7845 (webtiles) character file.

Game seed: 7086068545530200574

14552852 Wizard1ke the Plane Roller (level 27, 292/292 HPs)
             Began as an Armataur Delver on Apr 18, 2023.
             Was the Champion of the Shining One.
             Escaped with the Orb
             ... and 15 runes on Apr 19, 2023!
             The game lasted 07:02:16 (108063 turns).

Wizard1ke the Plane Roller (Armataur Delver)      Turns: 108063, Time: 07:02:17

Health: 292/292    AC: 57    Str: 41    XL:     27
Magic:  45/45      EV:  7    Int: 19    God:    the Shining One [******]
Gold:   12111      SH:  4    Dex: 15    Spells: 12/26 levels left

rFire   + + .      SeeInvis +    G - +10 dark maul {heavy}
rCold   + + .      Faith    .    (shield currently unavailable)
rNeg    + + +      Spirit   .    i - +12 gold dragon scales
rPois   +          Reflect  .    Y - +2 helmet {Int+3}
rElec   +          Roll     +    U - +4 cloak "Pyekk" {Harm rCorr SInv}
rCorr   +          Harm     + .  S - +1 pair of gloves of the Evening {rPois rF+ MP+9}
Will    ++++.                    F - +0 barding "Gogo" {rElec rPois Will++} Stlth
                                 v - amulet "Diabb" {Acrobat rC+ Regen+ Slay+3}
HPRegen 1.48/turn                s - ring "Gimeicea" {rF+ Str+6 Int+2}
MPRegen 0.29/turn                N - ring of Paid {Wiz Str+8}

@: glowing, studying 2 skills
A: large, rugged brown scales 3, deformed body, armoured tail, roll, long
tongue, awkward tongue, iridescent scales 1, large bone plates 1, thin skeletal
structure 1, low MP 1, heat vulnerability 1, MP-powered wands
0: Orb of Zot
}: 15/15 runes: decaying, slimy, silver, golden, iron, obsidian, icy, bone,
abyssal, demonic, glowing, magical, fiery, dark, gossamer
a: Renounce Religion, Divine Shield, Cleansing Flame, Summon Divine Warrior


You escaped.
You worshipped the Shining One.
The Shining One was exalted by your worship.
You visited 18 branches of the dungeon, and saw 88 of its levels.
You visited Pandemonium 2 times, and saw 11 of its levels.
You visited the Abyss 3 times.
You also visited: Ossuary and Bailey.

You collected 14905 gold pieces.
You spent 2794 gold pieces at shops.

Inventory:

Hand Weapons
 q - a +9 eveningstar of holy wrath
 G - the +10 dark maul (weapon) {heavy}
   (You found it on level 3 of the Tomb of the Ancients)
Missiles
 C - 16 curare-tipped darts
 P - 6 throwing nets
Armour
 i - +12 gold dragon scales (worn)
 r - the +10 tower shield of Ignorance {rN+ Int-4}
   (You acquired it on level 5 of the Realm of Zot)

   Int:       It affects your intelligence (-4).
   rN:        It protects you from negative energy.
 F - the +0 barding "Gogo" (worn) {rElec rPois Will++}
   (Okawaru gifted it to you on level 2 of the Elven Halls)

   rElec:     It insulates you from electricity.
   rPois:     It protects you from poison.
   Will:      It greatly increases your willpower.
 O - a +5 tower shield of cold resistance
 R - the +0 cloak of Light {Fly rElec}
   (You found it in Pandemonium)

   rElec:     It insulates you from electricity.
   Fly:       It grants you flight.
 S - the +1 pair of gloves of the Evening (worn) {rPois rF+ MP+9}
   (You found it in Pandemonium)

   rF:        It protects you from fire.
   rPois:     It protects you from poison.
   MP:        It affects your magic capacity (+9).
 U - the +4 cloak "Pyekk" (worn) {Harm rCorr SInv}
   (You found it on level 5 of the Lair of Beasts)

   SInv:      It lets you see invisible.
   rCorr:     It protects you from acid and corrosion.
   Harm:      It increases damage dealt and taken.
 Y - a +2 helmet of intelligence (worn)
Jewellery
 b - the amulet of Impatience {RegenMP rF+ Will++}
   (You found it on level 7 of Cocytus)

   [amulet of magic regeneration]

   It increases your rate of magic regeneration.
   rF:        It protects you from fire.
   Will:      It greatly increases your willpower.
 e - the ring "Jag Seck" {Will- EV+5 Str+3 Int+9}
   (You found it on level 3 of the Elven Halls)

   [ring of evasion]

   EV:        It affects your evasion (+5).
   Str:       It affects your strength (+3).
   Int:       It affects your intelligence (+9).
   Will:      It decreases your willpower.
 s - the ring "Gimeicea" (left hand) {rF+ Str+6 Int+2}
   (You bought it in a shop on level 5 of the Vaults)

   [ring of strength]

   Str:       It affects your strength (+6).
   Int:       It affects your intelligence (+2).
   rF:        It protects you from fire.
 v - the amulet "Diabb" (around neck) {Acrobat rC+ Regen+ Slay+3}
   (You found it on level 2 of the Realm of Zot)

   [amulet of the acrobat]

   It increases your evasion while moving and waiting.
   Slay:      It affects your accuracy & damage with ranged weapons and melee
   (+3).
   rC:        It protects you from cold.
   Regen:     It increases your rate of health regeneration.
 M - the ring "Zeushal" {Fly Str+5}
   (You took it off a vault guard on level 5 of the Vaults)

   [ring of flight]

   Str:       It affects your strength (+5).
   Fly:       It grants you flight.
 N - the ring of Paid (right hand) {Wiz Str+8}
   (You found it on level 3 of the Crypt)

   [ring of wizardry]

   It improves your spell success rate.
   Str:       It affects your strength (+8).
 T - a ring of willpower
Wands
 g - a wand of digging (29)
 j - a wand of flame (77)
 y - a wand of mindburst (62)
 A - a wand of light (39)
 K - a wand of paralysis (57)
 V - a wand of iceblast (81)
Scrolls
 c - 7 scrolls of fog
 d - 2 scrolls of magic mapping
 h - 12 scrolls of poison
 m - 3 scrolls of silence {!r}
 u - 17 scrolls of teleportation
 x - 6 scrolls of blinking
 I - 11 scrolls of vulnerability
 Q - 14 scrolls of fear
 Z - 7 scrolls of immolation
Potions
 a - 11 potions of attraction
 f - 10 potions of haste
 k - 4 potions of resistance
 l - 9 potions of cancellation
 p - 29 potions of curing
 t - 5 potions of lignification
 w - 14 potions of brilliance
 z - 10 potions of might
 D - 11 potions of ambrosia
 E - 5 potions of magic
 J - 7 potions of mutation
 L - 5 potions of berserk rage {!q}
 X - 13 potions of heal wounds
Miscellaneous
 n - a phial of floods
 o - a phantom mirror
 B - a box of beasts
 H - a figurine of a ziggurat


   Skills:
 O Level 27 Fighting
 + Level 25.6 Maces & Flails
 - Level 23.7 Armour
 - Level 5.0 Dodging
 - Level 5.4 Stealth
 O Level 27 Shields
 O Level 27 Translocations
 - Level 5.0 Air Magic
 O Level 27 Invocations
 - Level 7.0 Evocations


You had 12 spell levels left.
You knew the following spells:

 Your Spells              Type           Power      Damage    Failure   Level
a - Apportation           Tloc           100%       N/A       0%          1
b - Blink                 Tloc           100%       N/A       0%          2
c - Manifold Assault      Tloc           80%        N/A       0%          4
d - Vhi's Electric Charg  Tloc/Air       100%       N/A       1%          3
e - Passage of Golubria   Tloc           80%        N/A       0%          4

Your spell library contained the following spells:

 Spells                   Type           Power      Damage    Failure   Level
 Lesser Beckoning         Tloc           100%       N/A       0%          2
 Gell's Gravitas          Tloc           80%        N/A       0%          3
 Teleport Other           Tloc           80%        N/A       0%          3
 Portal Projectile        Hex/Tloc       100%       N/A       1%          3
 Volatile Blastmotes      Fire/Tloc      100%       2d18      1%          3
 Iskenderun's Mystic Bla  Conj/Tloc      50%        2d11      1%          4
 Dispersal                Tloc           40%        N/A       1%          6
 Summon Forest            Summ/Tloc      25%        N/A       4%          5
 Swiftness                Air            19%        N/A       14%         3
 Static Discharge         Conj/Air       18%        2-3/arc   19%         2
 Cigotuvi's Dreadful Rot  Necr/Pois/Air  12%        N/A       26%         2
 Beastly Appendage        Tmut           0%         N/A       32%         1
 Freeze                   Ice            0%         1d3       32%         1
 Kiss of Death            Conj/Necr      0%         2d5       32%         1
 Magic Dart               Conj           0%         1d3       32%         1
 Necrotise                Necr           0%         1d4       32%         1
 Sandblast                Erth           0%         2d4       32%         1
 Slow                     Hex            0%         N/A       32%         1
 Summon Small Mammal      Summ           0%         N/A       32%         1
 Airstrike                Air            9%         2d(2-18)  41%         4
 Call Imp                 Summ           0%         N/A       45%         2
 Ensorcelled Hibernation  Hex/Ice        0%         N/A       45%         2
 Passwall                 Tmut/Erth      0%         N/A       45%         2
 Scorch                   Fire           0%         2d5       45%         2
 Sublimation of Blood     Necr           0%         N/A       45%         2
 Wereblood                Tmut           0%         N/A       45%         2
 Mephitic Cloud           Conj/Pois/Air  6%         N/A       45%         3
 Confusing Touch          Hex            0%         N/A       69%         3
 Dazzling Flash           Conj/Hex       0%         N/A       69%         3
 Frozen Ramparts          Ice            0%         1d1       69%         3
 Hailstorm                Conj/Ice       0%         3d3       69%         3
 Ignite Poison            Fire/Tmut/Pois 0%         N/A       69%         3
 Inner Flame              Hex/Fire       0%         N/A       69%         3
 Ozocubu's Armour         Ice            0%         N/A       69%         3
 Spider Form              Tmut/Pois      0%         N/A       69%         3
 Stone Arrow              Conj/Erth      0%         3d7       69%         3
 Summon Guardian Golem    Hex/Summ       0%         N/A       69%         3
 Tukima's Dance           Hex            0%         N/A       69%         3
 Vampiric Draining        Necr           0%         2d6       69%         3
 Summon Lightning Spire   Summ/Air       9%         N/A       75%         4
 Anguish                  Hex/Necr       0%         N/A       96%         4
 Animate Armour           Summ/Erth      0%         N/A       96%         4
 Animate Dead             Necr           0%         N/A       96%         4
 Cause Fear               Hex            0%         N/A       96%         4
 Dispel Undead            Necr           0%         3d6       96%         4
 Flame Wave               Conj/Fire      0%         2d4       96%         4
 Fulminant Prism          Conj/Hex       0%         3d5       96%         4
 Ice Form                 Ice/Tmut       0%         N/A       96%         4
 Leda's Liquefaction      Hex/Erth       0%         N/A       96%         4
 Olgreb's Toxic Radiance  Pois           0%         N/A       96%         4
 Petrify                  Tmut/Erth      0%         N/A       96%         4
 Sticky Flame             Conj/Fire      0%         2d3       96%         4
 Arcjolt                  Conj/Air       4%         1d14      96%         5
 Silence                  Hex/Air        4%         N/A       96%         5
 Freezing Cloud           Conj/Ice/Air   3%         6-21      99%         5
 Agony                    Necr           0%         N/A       100%        5
 Alistair's Intoxication  Tmut/Pois      0%         N/A       100%        5
 Blade Hands              Tmut           0%         N/A       100%        5
 Borgnjor's Vile Clutch   Necr/Erth      0%         N/A       100%        5
 Irradiate                Conj/Tmut      0%         3d11      100%        5
 Lee's Rapid Deconstruct  Erth           0%         3d4*      100%        5
 Metabolic Englaciation   Hex/Ice        0%         N/A       100%        5
 Yara's Violent Unravell  Hex/Tmut       0%         3d3       100%        5
 Conjure Ball Lightning   Conj/Air       4%         3x3d6     100%        6
 Death Channel            Necr           0%         N/A       100%        6
 Eringya's Noxious Bog    Tmut/Pois      0%         N/A       100%        6
 Iron Shot                Conj/Erth      0%         9d1       100%        6
 Plasma Beam              Fire/Air       4%         2x1d16    100%        6
 Simulacrum               Ice/Necr       0%         N/A       100%        6
 Starburst                Conj/Fire      0%         6d3       100%        6
 Statue Form              Tmut/Erth      0%         N/A       100%        6
 Summon Cactus Giant      Summ           0%         N/A       100%        6
 Dragon Form              Tmut           0%         N/A       100%        7
 Enfeeble                 Hex            0%         N/A       100%        7
 Orb of Destruction       Conj           0%         9d5       100%        7
 Ozocubu's Refrigeration  Ice            0%         4d7       100%        7
 Spellforged Servitor     Conj/Summ      0%         N/A       100%        7
 Storm Form               Tmut/Air       4%         N/A       100%        7
 Summon Hydra             Summ           0%         N/A       100%        7
 Discord                  Hex            0%         N/A       100%        8
 Ignition                 Fire           0%         3d3       100%        8
 Lehudib's Crystal Spear  Conj/Erth      0%         10d2      100%        8
 Necromutation            Tmut/Necr      0%         N/A       100%        8
 Chain Lightning          Conj/Air       4%         3d6       100%        9
 Dragon's Call            Summ           0%         N/A       100%        9
 Fire Storm               Conj/Fire      0%         5d1       100%        9
 Polar Vortex             Ice            0%         N/A       100%        9
 Shatter                  Erth           0%         3d5*      100%        9


Dungeon Overview and Level Annotations

Branches:
Dungeon (15/15)            Temple (1/1) D:4            Lair (5/5) D:8
  Swamp (4/4) Lair:3       Spider (4/4) Lair:2        Slime (5/5) Lair:4
    Orc (2/2) D:11            Elf (3/3) Orc:2        Vaults (5/5) D:13
  Crypt (3/3) Vaults:3       Tomb (3/3) Crypt:3      Depths (4/4) D:15
   Hell (visited)             Dis (7/7) Hell            Geh (7/7) Hell
    Coc (7/7) Hell            Tar (7/7) Hell            Zot (5/5) Depths:4
Ossuary (visited)          Bailey (visited)

Altars:
Ashenzari
Cheibriados
Dithmenos
Elyvilon
Fedhas
Gozag
Hepliaklqana
Kikubaaqudgha
Makhleb
Nemelex Xobeh
Okawaru
Qazlal
Ru
Sif Muna
Trog
Uskayaw
Vehumet
Wu Jian
Xom
Yredelemnul
Zin
The Shining One
Jiyva

Shops:
D:4 =(   D:5 (   D:10 [   Orc:2 :*[(   Vaults:1 =   Vaults:2 *   Vaults:5 =

Portals:
Hell: Depths:1 Depths:2 Depths:3 Depths:4
Abyss: Depths:2 Depths:4
Pandemonium: Depths:2 Depths:3
Ziggurat: Depths:4

Annotations:
D:3 3 runed translucent doors, exclusion: 3 doors, BirdDuck's ghost, amateur GnWn
D:10 exclusions: 2 deep elf pyromancers and wizard
D:11 2 runed translucent doors, exclusion: 5 doors, HilariousDeathArtist's ghost, journeyman MfHW
Temple 2 transporters
Lair:1 exclusion: oklob plant
Lair:5 2 runed translucent doors, Pokonic1's ghost, journeyman DsFi
Spider:1 2 transporters, exclusion: orange crystal statue, Arachne; TheSexyCheese's ghost, adept OgFE; hollowman's ghost, journeyman TeAE
Orc:1 Erolcha
Orc:2 exclusion: upstairs
Elf:2 3 runed translucent doors
Vaults:1 1 runed translucent door, exclusion: door, Qecvurom's ghost, adept DrRe
Vaults:3 3 runed translucent doors, exclusion: 3 doors, abessonov's ghost, adept MiFi
Tar:7 Ereshkigal


Innate Abilities, Weirdness & Mutations

You are completely covered in rugged brown scales. (AC +3, +7% HP)
Armour fits poorly on your strangely shaped body.
You have a long armoured tail.
You roll when moving toward enemies. (Rampage)
Your long tongue fully drains potion bottles. (2x potion effects)
Your tongue gives you trouble enunciating. (1.5x scroll delay)
You are partially covered in iridescent scales. (AC +2)
You are partially covered in large bone plates. (SH +4)
You have a somewhat thin skeletal structure. (Dex +2, Stealth+)
Your magical capacity is low. (-10% MP)
You are vulnerable to heat. (rF-)
You expend magic power (3 MP) to strengthen your wands.


Message History

There is a stone staircase leading up here.
You climb upwards.
There is a stone staircase leading down here.
There is a stone staircase leading up here.
You climb upwards.
Level annotation: 3 runed translucent doors, exclusion: 3 doors, BirdDuck's ghost, amateur GnWn
There is a stone staircase leading down here.
There is an open door here.
There is an escape hatch in the ceiling here.
A mysterious force pulls you upwards. The hatch slams shut behind you.
A great orb of eyes comes into view.
Space momentarily warps into an impossible shape!
You sock the great orb of eyes!
Space momentarily warps into an impossible shape!
You splatter the great orb of eyes into a gooey mess!!!
You kill the great orb of eyes!
(D) Dungeon (T) Temple (L) Lair (S) Swamp (N) Spider Nest (M) Slime Pits (O) Orcish Mines (E) Elven Halls (V) Vaults (C) Crypt (W) Tomb (U) Depths (H) Hell (I) Dis (G) Gehenna (X) Cocytus (Y) Tartarus (Z) Zot
Where to? (Enter - D:1 @ (x,y), ? - help)
There is a stone staircase leading up here.
You climb upwards.
There is a stone staircase leading down here.
Magic restored.
There is an open door here.
There is an open door here.
There is an open door here.
There is a staircase leading out of the dungeon here.
You are illuminated by a large divine halo.
You are acrobatic and have increased evasion.
You are glowing.
You are studying Polearms and Air Magic.
Your movement speed is average.
Your attack delay is about 1.6.
Your damage rating with the +10 dark maul {heavy} is about 270 (Base [37 + 29 (Hvy)] x 177% (Str) x 218% (Skill) + 13 (Ench + Slay)).
Your base attributes are Str 27, Int 14, Dex 13.
Unknown command.
Unknown command.
You have escaped!

#.#
#######.#
#.......#
#...#####
#.#.#
#######'#.#
#.....'.'.#
#.##'##.###
#.#.@.#.#
#.#...#.#
#.##'##.#
#.......#
#########


There were no monsters in sight!

Vanquished Creatures
  Cerebov (Pan)
  the Royal Jelly (Slime:5)
  Asmodeus (Geh:7)
  Dissolution (Slime:3)
  Gloorx Vloq (Pan)
  A seraph (Pan)
  Lom Lobon (Pan)
  the Serpent of Hell (Geh:7)
  Mnoleg (Pan)
  6 dread liches
  Dispater (Dis:7)
  4 orbs of fire
  2 ancient liches
  Sojobo (Vaults:2)
  16 royal mummies
  A juggernaut (Depths:2)
  Boris (thrice) (Vaults:3 Crypt:1 Tomb:2)
  6 Killer Klowns
  21 shard shrikes
  A pandemonium lord (Pan)
  Frederick (Depths:3)
  Xtahua (Vaults:4)
  Geryon (Hell)
  Saint Roka (Vaults:5)
  25 caustic shrikes
  3 curse toes
  2 bone dragons
  11 profane servitors
  9 golden dragons
  16 Tzitzimimeh
  5 doom hounds
  10 iron giants
  3 electric golems
  11 Brimstone Fiends
  26 Orb Guardians
  2 spectral shard shrikes
  31 tentacled monstrosities
  12 hellephants
  14 liches
  22 Ice Fiends
  18 Hell Sentinels
  7 deep elf blademasters
  16 tainted leviathans
  11 acid blobs
  A walking frostbound tome (Depths:4)
  Grunn (Crypt:3)
  4 quicksilver dragons
  25 titans
  Asterion (Vaults:1)
  17 searing wretches
  27 Executioners
  9 deep elf master archers
  16 sphinxes
  An eldritch tentacle (Pan)
  21 ancient champions
  13 death cobs
  10 tentacled starspawn
  A sphinx (shapeshifter) (Depths:2)
  10 shadow dragons
  7 tengu reavers
  6 revenants
  Donald (Elf:1)
  6 storm dragons
  8 draconian monks
  24 frost giants
  7 daevas
  6 rockslimes
  5 draconian knights
  18 azure jellies
  26 fire giants
  7 demonspawn warmongers (Pan)
  8 emperor scorpions
  6 deep elf sorcerers (Elf:3)
  15 narguns
  12 draconian scorchers
  2 spectral juggernauts
  34 balrugs
  7 iron dragons
  7 quicksilver elementals
  10 shard shrike simulacra
  18 vault wardens
  Aizul (Swamp:4)
  Louise (Spider:1)
  10 ghost moths
  7 curse skulls
  14 cacodemons
  5 spectral caustic shrikes
  8 ghouls
  7 reapers
  4 draconian shifters
  2 juggernaut zombies
  10 draconian stormcallers
  15 ironbound preservers
  4 demonspawn corrupters
  2 deep elf elementalists (Elf:3)
  2 spriggan defenders
  7 angels (Pan)
  30 very ugly things
  23 stone giants
  14 war gargoyles
  8 quicksilver oozes
  5 draconian annihilators
  7 demonspawn blood saints (Pan)
  7 ironbound thunderhulks
  10 ophanim (Pan)
  3 orc warlords
  2 broodmothers
  A juggernaut skeleton (Hell)
  20 green draconians
  7 deep elf demonologists
  A bunyip (shapeshifter) (Vaults:3)
  4 deep elf annihilators
  4 bennus (Tomb:1)
  17 black draconians
  2 spectral titans
  15 putrid mouths
  3 vampire knights
  Azrael (D:15)
  8 lorocyprocas (Pan)
  4 eleionomae
  2 apis (Pan)
  9 demonspawn black suns (Pan)
  14 red draconians
  11 yellow draconians
  3 bunyips
  12 white draconians
  13 dire elephants
  The ghost of avangion the Destroyer, a journeyman GnCj of Vehumet (D:14)
  14 elemental wellsprings
  A minotaur (D:14)
  11 spark wasps
  18 purple draconians
  17 iron golems
  10 green deaths
  24 wendigos
  8 eidola
  Snorg (D:11)
  10 ettins
  20 yaktaur captains
  6 fire dragons
  13 blizzard demons
  2 spectral golden dragons
  8 entropy weavers
  2 shambling mangroves
  26 mummy priests
  7 deep elf death magi
  4 spectral quicksilver dragons
  Josephine (D:13)
  5 spectral spriggans
  A merfolk impaler (Depths:1)
  9 jiangshi
  5 deep elf high priests
  3 spriggan zombies
  11 great orbs of eyes
  2 spectral tengu (Depths:3)
  A quicksilver dragon skeleton (Tomb:3)
  A fenstrider witch zombie (Crypt:1)
  9 salamander tyrants
  2 rakshasas (Pan)
  2 peacekeepers
  22 hydras
  13 juggernaut simulacra
  35 vault guards
  3 hell beasts
  4 spriggan air magi
  6 ice dragons
  6 boulder beetles
  2 catoblepae
  8 caustic shrike simulacra
  12 ironbound frosthearts
  4 ogre magi
  7 stokers
  A jorogumo (Spider:1)
  8 centaur warriors
  A spectral fire giant (Depths:3)
  10 alligators
  3 spriggan skeletons
  6 two-headed ogres
  2 death knights
  A radroach (Spider:1)
  2 naga warriors (Abyss:2)
  4 tengu warriors
  3 spectral frost giants (Depths:3)
  8 dancing weapons
  5 death yaks
  68 death scarabs
  6 deep troll earth magi
  21 hell hogs
  2 deep troll shamans
  6 spriggan berserkers
  5 thrashing horrors
  A shock serpent (shapeshifter) (Elf:1)
  3 spectral dire elephants
  A titan zombie (Hell)
  3 orc high priests
  11 vampire magi
  Sonja (D:12)
  22 soul eaters
  41 sun demons
  A spectral storm dragon (Depths:3)
  16 deep elf knights
  8 crystal echidnas
  2 skysharks
  Nergalle (Lair:1)
  4 iron trolls
  24 shadow wraiths
  8 hell knights (Depths:4)
  An emperor scorpion zombie (Crypt:2)
  18 skeletal warriors
  A skyshark (shapeshifter) (Vaults:5)
  9 sixfirhies
  A bunyip zombie (Crypt:3)
  4 pharaoh ants
  A sun moth (Spider:3)
  9 cherubim (Pan)
  An iron giant zombie (Tomb:3)
  An anaconda zombie (Hell)
  A salamander mystic (Depths:1)
  6 shadow demons
  A spatial maelstrom (Abyss:2)
  A spectral spark wasp (Depths:3)
  6 flayed ghosts
  8 wretched stars
  54 deep trolls
  5 spriggan druids
  5 quicksilver dragon simulacra
  6 glowing orange brains
  6 goliath frogs
  A glowing orange brain (shapeshifter) (Elf:2)
  9 bog bodies
  12 swamp dragons
  Pikel (D:8)
  15 deep elf archers
  13 wizards
  2 golden dragon skeletons
  16 ironbound convokers
  6 lindwurms
  A shadow dragon zombie (Crypt:2)
  3 kraken simulacra (Coc:7)
  12 orb spiders
  2 anaconda skeletons
  16 phantasmal warriors
  7 spriggan simulacra
  An obsidian statue (Depths:3)
  11 orc knights
  A bunyip skeleton (Crypt:1)
  30 deep elf zephyrmancers
  18 starcursed masses
  8 steelbarb worms
  25 deep elf pyromancers
  15 harpies
  An iron giant skeleton (Pan)
  2 mana vipers
  3 shining eyes
  33 ugly things
  5 manticores
  7 necromancers
  2 worldbinders
  4 orc sorcerers
  A shadow dragon skeleton (Tomb:1)
  5 will-o-the-wisps
  A fire giant zombie (Crypt:1)
  29 wolf spiders
  2 cyclopes
  31 moths of wrath
  A centaur zombie (Crypt:1)
  A spectral centaur (Tar:2)
  3 salamanders (Depths:1)
  A dire elephant zombie (Tomb:2)
  2 eyes of devastation (Slime:3)
  2 apocalypse crabs (Abyss:3)
  An iron dragon skeleton (Crypt:1)
  10 elephants
  Maurice (D:8)
  An elephant (shapeshifter) (Vaults:5)
  4 rust devils
  A water nymph (shapeshifter) (Abyss:3)
  6 black mambas
  17 demonic crawlers
  20 vault sentinels
  A guardian serpent (Abyss:2)
  10 molten gargoyles
  5 torpor snails
  5 titan simulacra
  24 smoke demons
  An emperor scorpion simulacrum (Hell)
  4 gargoyles
  20 orange demons
  2 storm dragon simulacra
  17 cane toads
  20 hellions
  2 sea snake zombies
  43 yaktaurs
  A yellow draconian zombie (Crypt:2)
  8 efreet
  7 unseen horrors
  3 naga skeletons
  3 rime drakes
  9 tormentors
  2 anaconda simulacra
  A bunyip simulacrum (Coc:2)
  2 kobold demonologists
  2 centaur skeletons (Crypt:1)
  6 freezing wraiths
  6 komodo dragons
  2 ice devils
  2 tengu conjurers
  2 spectral harpies
  2 hydra zombies (Hell)
  39 guardian mummies
  3 ancient zymes (Abyss:3)
  2 iron giant simulacra
  A golden dragon simulacrum (Coc:2)
  2 silent spectres
  6 red devils
  A yaktaur (shapeshifter) (D:13)
  A harpy zombie (Hell)
  A spectral glowing shapeshifter (Depths:3)
  9 trolls
  12 meliai
  A wind drake (shapeshifter) (Elf:3)
  2 polar bears
  14 tyrant leeches
  15 hellwings (Pan)
  41 tarantellas
  13 raiju (Abyss:3)
  An ettin zombie (Crypt:3)
  A hydra skeleton (Hell)
  A mana viper skeleton (Crypt:1)
  19 hornets
  5 harpy skeletons
  A stone giant simulacrum (Coc:1)
  2 alligator zombies (Hell)
  11 blink frogs
  12 dream sheep
  2 iron dragon simulacra
  A guardian serpent zombie (Crypt:2)
  122 slime creatures
  A human simulacrum (Crypt:1)
  35 jumping spiders
  A jumping spider (shapeshifter) (D:13)
  37 flying skulls
  An ettin skeleton (Tomb:3)
  20 culicivoras
  An air elemental (Elf:1)
  A centaur simulacrum (D:15)
  11 wraiths
  13 ynoxinuls
  3 shadows
  23 spriggans
  2 black mamba zombies
  2 water elementals (Hell)
  2 vampires (D:13)
  5 dire elephant simulacra
  2 fire bats (Depths:1)
  3 fire elementals
  2 wyverns (Lair:2)
  6 naga simulacra
  27 ushabtiu
  17 neqoxecs
  A wind drake zombie (Crypt:2)
  2 humans (D:13)
  An alligator snapping turtle simulacrum (Coc:2)
  A golden eye (Slime:5)
  3 basilisks
  2 hogs (D:13)
  4 vampire mosquitoes (Swamp:1)
  33 yaks
  70 redbacks
  A spatial vortex (Abyss:2)
  3 chaos spawn
  3 nagas (Abyss:2)
  6 wargs
  14 harpy simulacra
  3 hydra simulacra
  22 swamp worms
  47 large abominations
  A deep troll skeleton (Pan)
  17 water moccasins
  A two-headed ogre zombie (Crypt:2)
  7 swamp drakes
  2 hell hounds (D:15)
  4 sky beasts
  A swamp dragon zombie (Tomb:1)
  A merfolk simulacrum (Crypt:1)
  9 ogres
  2 black bears
  49 orc warriors
  8 wolves
  2 ettin simulacra (Coc:5)
  7 boggarts
  A lemure (D:7)
  A rime drake zombie (Crypt:3)
  6 centaurs
  A phantom (D:5)
  4 kobold brigands
  A draconian zombie (Crypt:1)
  A gnoll sergeant (D:9)
  9 small abominations
  2 necrophages
  15 bullfrogs
  2 earth elementals (Elf:2)
  4 scorpions
  8 wights
  8 killer bees
  A raiju skeleton (Crypt:2)
  3 electric eels
  2 howler monkeys
  A jelly (Lair:4)
  3 hounds
  11 orc priests
  A basilisk skeleton (Crypt:3)
  2 iron imps (Abyss:3)
  2 sleepcaps
  An iguana (D:5)
  14 orc wizards
  A hell rat (Lair:1)
  A boggart skeleton (Crypt:3)
  A hound zombie (Crypt:3)
  43 mummies
  A hound skeleton (Crypt:3)
  8 adders
  7 gnolls
  3 shadow imps
  4 white imps
  8 ufetubi
  An iguana zombie (Crypt:1)
  A worm (D:3)
  2 dart slugs
  71 orcs
  3 ball pythons
  A bat zombie (Crypt:1)
  7 endoplasms
  3 giant cockroaches
  A gnoll zombie (Ossuary)
  8 goblins
  5 hobgoblins
  3 jackals (D:4)
  16 kobolds
  2 quokkas
  A river rat zombie (Crypt:3)
  5 bats
  4 frilled lizards (D:1)
  A hobgoblin skeleton (Crypt:2)
  2 hobgoblin zombies (Ossuary)
  4 kobold zombies
  3 orc zombies (Ossuary)
  5 rats
  A block of ice (Pan)
  5 creeping infernos
  38 fire vortices
  A lurking horror (Geh:6)
  13 starspawn tentacles
3821 creatures vanquished.

Vanquished Creatures (collateral kills)
  Antaeus (Coc:7)
  Ignacio (Pan)
  A profane servitor (Tar:7)
  An Ice Fiend (Pan)
  A tainted leviathan (Tar:7)
  3 daevas (Pan)
  3 frost giants (Pan)
  A stone giant (Pan)
  2 apis (Pan)
  A deep elf annihilator (Pan)
  2 large abominations (Pan)
  A sun demon (Pan)
  A shadow wraith (Tar:7)
  2 deep elf pyromancers (Pan)
  A demonic crawler (Pan)
22 creatures vanquished.

Vanquished Creatures (others)
  A sphinx (Tomb:1)
  A balrug (Pan)
  2 shard shrike simulacra
  A purple draconian (Zot:1)
  3 blizzard demons (Pan)
  2 green deaths (Pan)
  3 rakshasas (Pan)
  A stoker (Geh:5)
  A deep elf knight (Elf:2)
  A large abomination (Pan)
  A quicksilver dragon simulacrum (Coc:2)
  A spriggan simulacrum (Coc:6)
  A deep elf pyromancer (Elf:2)
  A wizard (Pan)
  2 deep elf zephyrmancers
  A blink frog (Lair:1)
  A hornet (Swamp:4)
  An iron dragon simulacrum (Coc:4)
  A spriggan (Depths:2)
  A dire elephant simulacrum (Coc:4)
  2 harpy simulacra
  An electric eel (shapeshifter) (Vaults:3)
  15 ball lightnings (Pan)
  7 creeping infernos (Geh:6)
  20 foxfires
  42 fungi
  A lurking horror (Geh:6)
  47 plants
  5 spectral weapons
  18 starspawn tentacles
  10 tentacles (Coc:7)
  6 withered plants (Lair:5)
201 creatures vanquished.

Grand Total: 4044 creatures vanquished

Notes
Turn   | Place    | Note
-------+----------+-------------------------------------------
     0 | D:5      | Wizard1ke the Armataur Delver began the quest for the Orb.
     0 | D:5      | Reached XP level 1. HP: 19/19 MP: 1/1
     3 | D:5      | Found Sunocoomu's Weapon Emporium.
    26 | D:5      | Noticed a howler monkey
    52 | D:5      | Noticed an iguana
   295 | D:3      | Reached XP level 2. HP: 10/26 MP: 2/2
   774 | D:1      | Reached XP level 3. HP: 32/32 MP: 3/3
   774 | D:1      | Found a faded altar of an unknown god.
   944 | D:2      | Found a shimmering altar of Xom.
  1440 | D:3      | Found a runed translucent gate.
  1562 | D:3      | Reached XP level 4. HP: 39/39 MP: 4/4
  1722 | D:3      | Found a runed translucent gate.
  1723 | D:3      | Noticed BirdDuck's ghost (amateur GnWn)
  1724 | D:3      | Found a runed translucent gate.
  1724 | D:3      | Identified the +4 dagger "Culeggu" {drain, Fragile rPois
                  | rF+}
  1724 | D:3      | Identified the +0 scale mail "Fitita" {Rampage *Corrode
                  | rElec rC-}
  1972 | D:4      | Found a staircase to the Ecumenical Temple.
  1978 | Temple   | Entered the Ecumenical Temple
  1978 | Temple   | Found a transporter.
  1978 | Temple   | Found a transporter.
  1980 | Temple   | Found a transporter.
  1980 | Temple   | Found a transporter.
  1991 | Temple   | Became a worshipper of Warmaster Okawaru
  2165 | D:4      | Found Xugu's Weapon Shoppe.
  2167 | D:4      | Noticed a scorpion
  2169 | D:4      | Killed a scorpion
  2170 | D:4      | Reached skill level 5 in Maces & Flails
  2170 | D:4      | Reached XP level 5. HP: 40/44 MP: 5/5
  2178 | D:4      | Reached skill level 1 in Evocations
  2204 | D:4      | Noticed a black bear
  2218 | D:4      | Killed a black bear
  2218 | D:4      | Reached * piety under Okawaru
  2219 | D:4      | Reached XP level 6. HP: 31/53 MP: 6/6
  2321 | D:4      | Identified the +4 leather armour of Hor Caigh {rC++ Int-3
                  | Dex+5}
  2506 | D:4      | Found Jevouwk's Jewellery Shoppe.
  3282 | D:5      | Reached skill level 5 in Evocations
  3282 | D:5      | Reached skill level 1 in Invocations
  3282 | D:5      | Reached XP level 7. HP: 53/59 MP: 5/7
  3576 | D:6      | Noticed a two-headed ogre
  4146 | D:6      | Reached skill level 5 in Invocations
  4252 | D:6      | Reached XP level 8. HP: 64/67 MP: 1/11
  4730 | D:7      | Reached ** piety under Okawaru
  4770 | D:7      | Found a sand-covered staircase.
  4809 | Ossuary  | Entered an ossuary
  5515 | D:6      | Killed a two-headed ogre
  5515 | D:6      | Reached *** piety under Okawaru
  5516 | D:6      | Reached skill level 5 in Fighting
  5516 | D:6      | Reached XP level 9. HP: 79/79 MP: 12/12
  5740 | D:7      | Reached skill level 1 in Armour
  6435 | D:8      | Noticed Maurice
  6444 | D:8      | Killed Maurice
  6551 | D:8      | Found a flagged portal.
  6562 | Bailey   | Entered a bailey
  6690 | Bailey   | Noticed an orc knight
  6696 | Bailey   | Reached XP level 10. HP: 73/89 MP: 13/13
  6708 | Bailey   | Killed an orc knight
  6708 | Bailey   | Reached **** piety under Okawaru
  6942 | Bailey   | Found a large runed translucent door.
  6942 | Bailey   | Found a large runed translucent door.
  6943 | Bailey   | Noticed a deep elf zephyrmancer
  6959 | Bailey   | Killed a deep elf zephyrmancer
  7251 | D:8      | Noticed Pikel
  7367 | D:8      | Found a staircase to the Lair.
  7604 | D:8      | Found a white marble altar of Elyvilon.
  7749 | D:8      | Killed Pikel
  7964 | D:9      | Found a snail-covered altar of Cheibriados.
  8267 | D:9      | Reached skill level 10 in Maces & Flails
  8615 | D:10     | Entered Level 10 of the Dungeon
  8902 | D:10     | Found a sparkling altar of Nemelex Xobeh.
  8914 | D:10     | Reached ***** piety under Okawaru
  8915 | D:10     | Reached XP level 11. HP: 91/103 MP: 10/14
  9134 | D:10     | Noticed a wizard
  9152 | D:10     | Noticed a deep elf pyromancer
  9192 | D:10     | Noticed a deep elf pyromancer
  9330 | D:10     | Found Masouf's Armour Shoppe.
  9563 | Lair:1   | Entered Level 1 of the Lair of Beasts
  9590 | Lair:1   | Noticed an eight-headed hydra
  9609 | D:8      | Killed an eight-headed hydra
 10074 | Lair:1   | Noticed Nergalle
 10145 | Lair:1   | Identified the +6 flail "Toonihyreu" {freeze, Dex+3}
 10292 | Lair:1   | Noticed an oklob plant
 10326 | Lair:1   | Reached skill level 5 in Armour
 10496 | Lair:1   | Received a gift from Okawaru
 10731 | Lair:1   | Reached skill level 10 in Fighting
 10902 | Lair:1   | Noticed a death yak
 11184 | Lair:1   | Killed Nergalle
 11190 | Lair:1   | Reached XP level 12. HP: 70/113 MP: 15/17
 11533 | Lair:1   | Noticed an alligator
 11837 | Lair:1   | Killed an alligator
 12159 | Lair:2   | Noticed a death yak
 12159 | Lair:2   | Noticed a death yak
 12159 | Lair:2   | Noticed a death yak
 12160 | Lair:2   | Noticed a death yak
 12160 | Lair:2   | Noticed a death yak
 12191 | Lair:1   | Killed a death yak
 12293 | Lair:1   | Identified the +8 demon whip of Success {heavy, rElec rF+
                  | Str-3} (Okawaru gifted it to you on level 1 of the Lair of
                  | Beasts)
 12293 | Lair:1   | Received a gift from Okawaru
 12633 | Lair:2   | Identified the +7 quarterstaff of Compound Interest
                  | {freeze, Dex+2}
 12667 | Lair:2   | Noticed a boulder beetle
 12702 | Lair:2   | Killed a boulder beetle
 12880 | Lair:2   | Identified the +5 falchion "Moizxauc" {freeze, +Blink rElec
                  | MP+9 Str-5}
 12971 | Lair:2   | Found a hole to the Spider Nest.
 13196 | Lair:2   | Noticed a catoblepas
 13215 | Lair:2   | Killed a catoblepas
 13521 | Lair:2   | Killed a death yak
 13528 | Lair:2   | Killed a death yak
 13537 | Lair:2   | Reached XP level 13. HP: 77/124 MP: 12/19
 13887 | Lair:2   | Reached skill level 10 in Armour
 14422 | Lair:3   | Identified the +3 ring mail of Enkurub {rF+ rN+ Dex+3}
                  | (Okawaru gifted it to you on level 3 of the Lair of Beasts)
 14422 | Lair:3   | Received a gift from Okawaru
 14614 | Lair:3   | Reached skill level 10 in Invocations
 14617 | Lair:3   | Identified the +1 spear of Nisoiv {flame, Fragile rPois rN+
                  | Int+3}
 14793 | D:4      | Bought a +4 ring of slaying for 780 gold pieces
 14793 | D:4      | Bought a ring of willpower for 250 gold pieces
 15057 | Lair:3   | Reached skill level 1 in Shields
 15448 | Lair:3   | Found a staircase to the Swamp.
 15829 | Lair:3   | Reached skill level 5 in Shields
 16370 | Lair:4   | Found a runed translucent door.
 16370 | Lair:4   | Found a viscous altar of Jiyva.
 16372 | Lair:4   | Found a staircase to the Slime Pits.
 16994 | Lair:5   | Entered Level 5 of the Lair of Beasts
 17311 | Lair:5   | Identified the +4 cloak "Pyekk" {Harm rCorr SInv}
 17512 | Lair:5   | Found a sacrificial altar of Ru.
 17581 | Lair:5   | Found a large runed translucent door.
 17582 | Lair:5   | Found a large runed translucent door.
 17585 | Lair:5   | Noticed Pokonic1's ghost (journeyman DsFi)
 17631 | Lair:5   | Identified the +2 chain mail of the Will of the Gods {Harm
                  | rElec rC- Regen+}
 17812 | Lair:5   | Noticed a dire elephant
 17812 | Lair:5   | Noticed a dire elephant
 17813 | Lair:5   | Found the +3 crown of Dyrovepreva {rElec Int+2 SInv}
 17836 | Lair:5   | Noticed a dire elephant
 17843 | Lair:5   | Killed a dire elephant
 17844 | Lair:5   | Reached XP level 14. HP: 53/134 MP: 18/21
 18117 | D:10     | Reached skill level 10 in Shields
 18129 | D:11     | Noticed Snorg
 18138 | D:11     | Killed Snorg
 18361 | D:11     | Found a runed translucent door.
 18367 | D:11     | Noticed a lich
 18367 | D:11     | Noticed a fire giant
 18371 | D:11     | Noticed HilariousDeathArtist's ghost (journeyman MfHW)
 18375 | D:11     | Found a runed translucent door.
 18678 | D:11     | Found a runed translucent door.
 18682 | D:11     | Found the +8 whip "Snakebite" {venom, curare, rPois}
 18706 | D:11     | Found a runed translucent gate.
 18706 | D:11     | Found a runed translucent gate.
 18706 | D:11     | Found a runed translucent gate.
 18706 | D:11     | Found a runed translucent gate.
 18706 | D:11     | Found a runed translucent gate.
 18706 | D:11     | Found a runed translucent gate.
 19226 | D:11     | Found a staircase to the Orcish Mines.
 20165 | D:12     | Found a blossoming altar of Fedhas.
 20552 | D:12     | Noticed Sonja
 20560 | D:12     | Killed Sonja
 21273 | Arena    | Entered the Arena
 21504 | D:13     | Received a gift from Okawaru
 21711 | D:13     | Learned a level 1 spell: Apportation
 21714 | D:13     | Learned a level 2 spell: Blink
 21719 | D:13     | Learned a level 4 spell: Manifold Assault
 21798 | D:14     | Reached skill level 1 in Translocations
 21941 | D:14     | Found a runed translucent gate.
 21942 | D:14     | Found a runed translucent gate.
 21942 | D:14     | Found a runed translucent gate.
 21954 | D:14     | Noticed avangion's ghost (journeyman GnCj)
 22084 | D:14     | Killed avangion's ghost
 22244 | D:14     | Noticed Josephine
 22256 | D:13     | Killed Josephine
 22398 | D:14     | Identified the +7 war axe "Jelly's Bane" {chaos, Str+3}
 22556 | D:14     | Reached skill level 15 in Fighting
 22558 | D:14     | Received a gift from Okawaru
 22805 | D:15     | Entered Level 15 of the Dungeon
 22814 | D:15     | Noticed Azrael
 22830 | D:15     | Killed Azrael
 22831 | D:15     | Reached XP level 15. HP: 88/150 MP: 19/22
 23004 | Orc:1    | Entered Level 1 of the Orcish Mines
 23140 | Orc:2    | Entered Level 2 of the Orcish Mines
 23155 | Orc:2    | Reached skill level 5 in Translocations
 23480 | Orc:2    | Found Soss's Book Shoppe.
 23850 | Orc:1    | Noticed Erolcha
 23867 | Orc:2    | Found Haposch's Antique Weapon Shoppe.
 23992 | Orc:2    | Found a staircase to the Elven Halls.
 24001 | Orc:2    | Found Winity's Antique Armour Shoppe.
 24275 | Orc:2    | Found Bevopt's General Store.
 24286 | Orc:2    | Bought a scroll of teleportation for 36 gold pieces
 24286 | Orc:2    | Bought a potion of attraction for 36 gold pieces
 24286 | Orc:2    | Bought a potion of attraction for 36 gold pieces
 24733 | D:15     | Found a hazy altar of Hepliaklqana.
 25383 | D:15     | Identified the +0 tower shield of Koch {Will+} (Okawaru
                  | gifted it to you on level 15 of the Dungeon)
 25383 | D:15     | Received a gift from Okawaru
 25544 | D:15     | Found a staircase to the Depths.
 26102 | Spider:1 | Entered Level 1 of the Spider Nest
 26518 | Spider:1 | Found a transporter.
 26527 | Spider:1 | Noticed Arachne
 26546 | Spider:1 | Noticed TheSexyCheese's ghost (adept OgFE)
 26557 | Spider:1 | Found a transporter.
 26598 | Spider:1 | Noticed Louise
 26993 | Spider:1 | Paralysed by a jorogumo for 2 turns
 27324 | Spider:1 | Reached XP level 16. HP: 142/167 MP: 23/23
 27763 | Spider:1 | Killed Louise
 28383 | Spider:1 | Received a gift from Okawaru
 28612 | Spider:1 | Reached skill level 10 in Translocations
 30765 | Spider:3 | Reached skill level 15 in Shields
 30798 | Spider:3 | Identified the +1 pair of boots of Life {+Inv SInv Stlth-}
 31062 | Spider:4 | Entered Level 4 of the Spider Nest
 31934 | Spider:4 | Reached XP level 17. HP: 128/174 MP: 24/24
 32389 | Spider:4 | Received a gift from Okawaru
 33278 | Spider:4 | Identified the +1 hat of Hairy Miracles {Dex+5}
 33558 | Spider:4 | Identified the scarf of Agoraphobia {harm, Int+2}
 33597 | Spider:4 | Got a gossamer rune of Zot
 33758 | Spider:1 | Noticed hollowman's ghost (journeyman TeAE)
 33877 | Swamp:1  | Entered Level 1 of the Swamp
 34089 | Swamp:1  | Found a glowing golden altar of the Shining One.
 34609 | Swamp:2  | Identified the ring "Namoh" {rF- rCorr MP+9 Str+4 Int+2}
 34626 | Swamp:2  | Received a gift from Okawaru
 35558 | Swamp:3  | Noticed a tentacled monstrosity
 35574 | Swamp:3  | Killed a tentacled monstrosity
 35890 | Swamp:3  | Paralysed by a hornet for 1 turns
 36341 | Swamp:3  | Reached XP level 18. HP: 185/185 MP: 25/25
 36413 | Swamp:4  | Entered Level 4 of the Swamp
 36561 | Swamp:4  | Noticed Aizul
 36571 | Swamp:4  | Killed Aizul
 36764 | Swamp:4  | Reached ****** piety under Okawaru
 36962 | Swamp:4  | Identified the +3 eveningstar of Courage {drain, *Corrode
                  | Str+3 Dex+3} (Okawaru gifted it to you on level 4 of the
                  | Swamp)
 36962 | Swamp:4  | Received a gift from Okawaru
 37209 | Swamp:4  | Got a decaying rune of Zot
 38463 | D:13     | Found a gate to the Vaults.
 38587 | Vaults:1 | Entered Level 1 of the Vaults
 39208 | Vaults:1 | Noticed Asterion
 39220 | Vaults:1 | Killed Asterion
 39335 | Vaults:1 | Received a gift from Okawaru
 39340 | Vaults:1 | Found Tiotyeha's Jewellery Shop.
 39591 | Vaults:1 | Found a runed translucent door.
 39593 | Vaults:1 | Noticed Qecvurom's ghost (adept DrRe)
 40366 | Vaults:2 | Found Xocisuve's Assorted Antiques.
 40374 | Vaults:2 | Bought a scroll of teleportation for 117 gold pieces
 40374 | Vaults:2 | Bought a scroll of fear for 156 gold pieces
 40432 | Vaults:2 | Identified a scroll of acquirement
 40433 | Vaults:2 | Noticed Sojobo
 40437 | Vaults:2 | Paralysed by an air elemental for 1 turns
 40440 | Vaults:2 | Paralysed by an air elemental for 1 turns
 40455 | Vaults:2 | Killed Sojobo
 40455 | Vaults:2 | Received a gift from Okawaru
 40462 | Vaults:2 | Reached XP level 19. HP: 170/196 MP: 21/28
 40849 | Vaults:2 | Received a gift from Okawaru
 41269 | Arena    | Entered the Arena
 42261 | Vaults:3 | Noticed Boris
 42286 | Vaults:3 | Killed Boris
 42516 | Vaults:3 | Found a runed translucent gate.
 42516 | Vaults:3 | Found a runed translucent gate.
 42517 | Vaults:3 | Found a runed translucent gate.
 42584 | Vaults:3 | Reached skill level 15 in Invocations
 42590 | Vaults:3 | Found a runed translucent gate.
 42590 | Vaults:3 | Found a runed translucent gate.
 42595 | Vaults:3 | Found a runed translucent gate.
 42595 | Vaults:3 | Noticed abessonov's ghost (adept MiFi)
 42677 | Vaults:3 | Received a gift from Okawaru
 42945 | Vaults:3 | Gained mutation: You are occasionally teleported next to
                  | monsters. [a cacodemon]
 42958 | Vaults:3 | Lost mutation: You are occasionally teleported next to
                  | monsters. [potion of mutation]
 42958 | Vaults:3 | Gained mutation: You occasionally shout uncontrollably at
                  | your foes. [potion of mutation]
 42958 | Vaults:3 | Gained mutation: You are agile. (Dex +4, Str/Int -1)
                  | [potion of mutation]
 42958 | Vaults:3 | Gained mutation: You have large cloven feet. [potion of
                  | mutation]
 42988 | Vaults:3 | Reached XP level 20. HP: 171/206 MP: 31/31
 43192 | Vaults:3 | Reached skill level 15 in Translocations
 43216 | Vaults:3 | Received a gift from Okawaru
 44025 | Vaults:3 | Found a staircase to the Crypt.
 44447 | Orc:2    | Bought a book of Lightning for 408 gold pieces
 44451 | Orc:2    | Learned a level 3 spell: Vhi's Electric Charge
 44659 | Depths:1 | Entered Level 1 of the Depths
 44869 | Vaults:4 | Reached skill level 1 in Air Magic
 45055 | Vaults:4 | Received a gift from Okawaru
 45250 | Vaults:4 | Identified the +6 longbow "Plog" {drain, rF+ Dex+3}
 45251 | Vaults:4 | Noticed Xtahua
 45267 | Vaults:4 | Killed Xtahua
 45988 | Vaults:4 | Reached skill level 5 in Air Magic
 45989 | Vaults:4 | Identified the +4 morningstar "Cuodukof" {freeze, *Rage
                  | rElec rF++} (Okawaru gifted it to you on level 4 of the
                  | Vaults)
 45989 | Vaults:4 | Received a gift from Okawaru
 46389 | Elf:1    | Entered Level 1 of the Elven Halls
 46855 | Elf:1    | Noticed Donald
 46861 | Elf:1    | Killed Donald
 46862 | Elf:1    | Reached skill level 15 in Maces & Flails
 47649 | Elf:1    | Reached XP level 21. HP: 215/215 MP: 8/32
 48049 | Elf:1    | Identified the +3 cloak of Midnight {-Cast Harm rPois
                  | Str+5}
 48077 | Elf:2    | Identified the +0 barding "Gogo" {rElec rPois Will++}
                  | (Okawaru gifted it to you on level 2 of the Elven Halls)
 48077 | Elf:2    | Received a gift from Okawaru
 49130 | Elf:2    | Found a runed translucent gate.
 49130 | Elf:2    | Found a runed translucent gate.
 49130 | Elf:2    | Found a runed translucent gate.
 49500 | Elf:3    | Entered Level 3 of the Elven Halls
 51389 | Elf:3    | Identified the +8 chain mail of Jiydih {rF+++ rC+ MP-9
                  | SInv} (Okawaru gifted it to you on level 3 of the Elven
                  | Halls)
 51389 | Elf:3    | Received a gift from Okawaru
 51920 | Elf:3    | Identified the +1 robe "Moguull" {Will+}
 51921 | Elf:3    | Identified the ring "Jag Seck" {Will- EV+5 Str+3 Int+9}
 51933 | Elf:3    | Identified the +2 pair of gloves of the Ancient Portals
                  | {rN+}
 51979 | Elf:3    | Got Uwubuq's Secrets of Hapless Alteration
 51991 | Elf:3    | Identified the staff of conjuration "Hastromm" {rC+ Stlth+}
 51997 | Elf:3    | Identified the staff of cold "Mapnoith" {Fragile rC+ rCorr
                  | Int-5 SInv}
 52000 | Elf:3    | Identified the staff of death "Umi Zuas" {rElec rF+ rC- rN+
                  | Dex+4}
 52025 | Elf:3    | Identified the +4 rapier "Westiklumpa" {antimagic, rPois
                  | Will+ Str-3 Int+5}
 52045 | Elf:3    | Identified the +2 plate armour of Birdsong {rElec rF+ Str+3
                  | Dex-2}
 53605 | Depths:1 | Found a gateway to Hell.
 54020 | Depths:2 | Noticed a juggernaut
 54241 | Depths:2 | Found a one-way gate to the infinite horrors of the Abyss.
 54513 | Depths:2 | Killed a juggernaut
 54513 | Depths:2 | Received a gift from Okawaru
 54527 | Depths:2 | Reached XP level 22. HP: 136/223 MP: 6/33
 54740 | Depths:2 | You fall into a shaft and drop 1 floor!
 54853 | Depths:3 | Acquired 883 gold pieces
 55148 | Depths:3 | Noticed Frederick
 55160 | Depths:3 | Killed Frederick
 55416 | Depths:3 | Identified the +2 spear of the Hugging Gods {drain, SInv}
                  | (Okawaru gifted it to you on level 3 of the Depths)
 55416 | Depths:3 | Received a gift from Okawaru
 56085 | Depths:2 | Found a one-way gate leading to the halls of Pandemonium.
 57008 | Depths:3 | Gained mutation: You are dopey. (Int -2) [mutagenic glow]
 57030 | Depths:3 | Gained mutation: Your muscles are strong. (Str +4, Int/Dex
                  | -1) [mutagenic glow]
 57430 | Arena    | Entered the Arena
 57634 | Depths:3 | Noticed a royal mummy
 57997 | Depths:3 | Killed a royal mummy
 58070 | Depths:4 | Entered Level 4 of the Depths
 58255 | Depths:4 | Received a gift from Okawaru
 58839 | Depths:4 | Received a gift from Okawaru
 58961 | Depths:4 | Found a gate to the Realm of Zot.
 60227 | Depths:4 | Noticed a dread lich
 60356 | Depths:4 | Found a one-way gateway to a ziggurat.
 60466 | Depths:4 | Killed a dread lich
 61270 | Vaults:5 | Entered Level 5 of the Vaults
 61277 | Vaults:5 | Received a gift from Okawaru
 61325 | Vaults:5 | Noticed Saint Roka
 61330 | Vaults:5 | Reached XP level 23. HP: 190/230 MP: 7/34
 61331 | Vaults:5 | Killed Saint Roka
 61493 | Vaults:5 | Got Kikubaaqudgha's Grimoire of Lamentation
 61551 | Vaults:5 | Identified the +9 morningstar of the Hero {heavy, rN++}
 61551 | Vaults:5 | Identified the +4 leather armour "Kyidoaq" {Will+ SInv}
 61571 | Vaults:5 | Identified the ring "Zeushal" {Fly Str+5}
 61808 | Vaults:5 | Identified the +0 plate armour "Beuk" {rC++} (Okawaru
                  | gifted it to you on level 5 of the Vaults)
 61808 | Vaults:5 | Received a gift from Okawaru
 61811 | Vaults:5 | Identified the +8 dagger of Ureuh {protect, rF+ SInv}
 61844 | Vaults:5 | Got a silver rune of Zot
 61847 | Vaults:5 | Identified the +1 leather armour of the Eternal Void {rF+
                  | rN+ Stlth+}
 61982 | Vaults:5 | Identified the staff of fire "Qeonum" {rF+ rN+ Will+ Int+4}
 61989 | Vaults:5 | Identified the +3 glaive "Jilieh" {freeze, rC- rN+ rCorr}
 62216 | Vaults:5 | Found the crystal ball of Wucad Mu {*channel}
 62259 | Vaults:5 | Reached skill level 15 in Armour
 62477 | Vaults:5 | Identified the staff of air "Esew Sufol" {rElec rF+ rC+
                  | rN+}
 62611 | Vaults:5 | Found Roefulex's Jewellery Boutique.
 62800 | Vaults:5 | Identified the +3 short sword of Action {flame, rF+ Will+
                  | Dex-3}
 63585 | Slime:1  | Entered Level 1 of the Pits of Slime
 63964 | Lair:4   | Identified the +1 barding "Himuman" {rElec} (Okawaru gifted
                  | it to you on level 4 of the Lair of Beasts)
 63964 | Lair:4   | Received a gift from Okawaru
 64306 | Slime:4  | Noticed Dissolution
 64446 | Slime:3  | Killed Dissolution
 64587 | Slime:5  | Entered Level 5 of the Pits of Slime
 64853 | Slime:5  | Gained mutation: You are occasionally teleported next to
                  | monsters. [a shining eye]
 64859 | Slime:5  | Noticed the Royal Jelly
 64874 | Slime:4  | Lost mutation: You are agile. (Dex +4, Str/Int -1) [potion
                  | of mutation]
 64874 | Slime:4  | Lost mutation: You are dopey. (Int -2) [potion of mutation]
 64874 | Slime:4  | Lost mutation: You have large cloven feet. [potion of
                  | mutation]
 64874 | Slime:4  | Lost mutation: Your muscles are strong. (Str +4, Int/Dex
                  | -1) [potion of mutation]
 64874 | Slime:4  | Lost mutation: You occasionally shout uncontrollably at
                  | your foes. [potion of mutation]
 64874 | Slime:4  | Lost mutation: You are occasionally teleported next to
                  | monsters. [potion of mutation]
 64874 | Slime:4  | Gained mutation: You are frail. (-10% HP) [potion of
                  | mutation]
 64874 | Slime:4  | Gained mutation: Your spells are a little easier to cast,
                  | but a little less powerful. [potion of mutation]
 64874 | Slime:4  | Gained mutation: Your body sometimes deteriorates upon
                  | taking damage. [potion of mutation]
 64874 | Slime:4  | Gained mutation: A frigid envelope surrounds you and
                  | freezes all who hurt you. [potion of mutation]
 65207 | Slime:5  | Found a viscous altar of Jiyva.
 65241 | Slime:5  | Killed the Royal Jelly
 65242 | Slime:5  | Reached XP level 24. HP: 197/217 MP: 10/34
 65775 | Slime:5  | Got a slimy rune of Zot
 65791 | Slime:5  | Identified the ring of Gluttony {Ice Will++}
 65804 | Slime:5  | Got the Volume of the Deep Freeze
 65851 | Slime:5  | Got the Vademecum on the Tempest and Toxins
 65869 | Slime:5  | Got the Lectures on the Petrous Faeries
 66313 | Zot:1    | Entered Level 1 of the Realm of Zot
 68048 | Zot:2    | Received a gift from Okawaru
 68572 | Zot:2    | Noticed an orb of fire
 68901 | Vaults:5 | Bought the ring "Gimeicea" {rF+ Str+6 Int+2} for 975 gold
                  | pieces
 69946 | Zot:2    | Killed an orb of fire
 70695 | Zot:2    | Identified the amulet "Diabb" {Acrobat rC+ Regen+ Slay+3}
 71134 | Zot:3    | Noticed a Killer Klown
 71172 | Zot:3    | Killed a Killer Klown
 71179 | Zot:3    | Noticed an orb of fire
 71192 | Zot:3    | Killed an orb of fire
 71212 | Zot:3    | Reached XP level 25. HP: 163/224 MP: 12/34
 71379 | Arena    | Entered the Arena
 71411 | Zot:3    | Received a gift from Okawaru
 71888 | Zot:4    | Reached skill level 27 in Translocations
 72527 | Zot:4    | Identified the +0 spear of Sukhic {elec, Int+4}
 73353 | Zot:5    | Entered Level 5 of the Realm of Zot
 73424 | Zot:5    | Acquired the +10 tower shield of Ignorance {rN+ Int-4}
 73424 | Zot:5    | Found the +10 tower shield of Ignorance {rN+ Int-4}
 74173 | Zot:5    | Received a gift from Okawaru
 74360 | Zot:5    | Identified the +6 ring mail "Yfac" {Int+5}
 77600 | Swamp:1  | Fell from the grace of Okawaru
 77600 | Swamp:1  | Became a worshipper of the Shining One
 78005 | Crypt:1  | Entered Level 1 of the Crypt
 78049 | Crypt:1  | Reached * piety under the Shining One
 78121 | Crypt:1  | Reached ** piety under the Shining One
 78412 | Crypt:1  | Reached *** piety under the Shining One
 78786 | Crypt:1  | Noticed Boris
 78799 | Crypt:1  | Killed Boris
 78804 | Crypt:1  | Reached **** piety under the Shining One
 79121 | Crypt:2  | Reached ***** piety under the Shining One
 79424 | Crypt:2  | Reached XP level 26. HP: 231/231 MP: 35/35
 79601 | Crypt:3  | Entered Level 3 of the Crypt
 79694 | Crypt:3  | Found a staircase to the Tomb.
 79813 | Crypt:3  | Reached ****** piety under the Shining One
 79816 | Crypt:3  | Noticed Grunn
 79828 | Crypt:3  | Killed Grunn
 79848 | Crypt:3  | Identified a +9 eveningstar of holy wrath (a +9 spectral
                  | eveningstar blessed by the Shining One)
 79848 | Crypt:3  | Received a gift from the Shining One
 80406 | Crypt:3  | Noticed an ancient lich
 80409 | Crypt:3  | Killed an ancient lich
 80492 | Crypt:3  | Identified the ring of Paid {Wiz Str+8}
 80502 | Crypt:3  | Got Sif Muna's Volume of Fey Adjuration
 81875 | Pan      | Entered Pandemonium
 82094 | Pan      | Noticed a seraph
 82114 | Pan      | Killed a seraph
 82131 | Pan      | Found a glowing golden altar of the Shining One.
 82144 | Pan      | Got a demonic rune of Zot
 82153 | Pan      | Identified the staff of air "Kuan Zoa" {rElec Int+6}
 82154 | Pan      | Identified the +3 glaive of Jyetuhe {freeze, Dex+3}
 82158 | Pan      | Identified the +5 mace of the Lettuce {venom, *Slow rElec
                  | rC+ Int+3 Stlth+}
 82454 | Pan      | Identified the +2 tower shield of the Viny Slorg {Int+2}
 82652 | Pan      | Found a glowing silver altar of Zin.
 82677 | Pan      | Was forgiven by Okawaru
 82926 | Depths:3 | Escaped Pandemonium
 82928 | Pan      | Entered Pandemonium
 82999 | Pan      | Noticed Ignacio
 83006 | Pan      | Killed Ignacio
 83038 | Pan      | Identified the +6 whip "Bofi" {flame, rElec rPois Str+3}
 83251 | Pan      | Entered the realm of Lom Lobon.
 83251 | Pan      | Noticed Lom Lobon
 83648 | Pan      | Killed Lom Lobon
 83669 | Pan      | Got a magical rune of Zot
 83835 | Pan      | Reached XP level 27. HP: 226/238 MP: 37/37
 84041 | Pan      | Identified the ring of Moodiness {rC+ rCorr}
 84187 | Pan      | Found an exit through the horrors of the Abyss.
 84353 | Pan      | Found a transporter.
 84353 | Pan      | Found a transporter.
 84420 | Pan      | Identified the +0 cloak of Light {Fly rElec}
 84578 | Pan      | Entered the realm of Cerebov.
 84819 | Pan      | Identified the +7 sling "Olaopn" {flame, Int+5 Dex+6}
 84842 | Pan      | Identified the +1 pair of gloves of the Evening {rPois rF+
                  | MP+9}
 84879 | Pan      | Found the +6 sword of Cerebov {flame}
 84879 | Pan      | Noticed Cerebov
 84901 | Pan      | Killed Cerebov
 84914 | Pan      | Got the Book of Changed Ozone
 84934 | Pan      | Identified the +6 chain mail "Dij Wut" {rPois rF+ rC- SInv}
 84935 | Pan      | Identified the +7 chain mail of Elyvilon's Displeasure
                  | {Harm rElec rCorr}
 84952 | Pan      | Identified the +7 chain mail "Avvajoun" {rF+}
 84954 | Pan      | Got a fiery rune of Zot
 85336 | Pan      | Found an exit through the horrors of the Abyss.
 85405 | Pan      | Entered the realm of Gloorx Vloq.
 85995 | Pan      | Noticed Gloorx Vloq
 86005 | Pan      | Killed Gloorx Vloq
 86143 | Pan      | Got a dark rune of Zot
 86243 | Pan      | Entered the realm of Mnoleg.
 86299 | Pan      | Gained mutation: You are partially covered in large bone
                  | plates. (SH +4) [a neqoxec]
 86300 | Pan      | Gained mutation: Your spells are easier to cast, but less
                  | powerful. [a neqoxec]
 86320 | Pan      | Gained mutation: You have hidden genetic defects. [a
                  | cacodemon]
 86421 | Pan      | Gained mutation: You sometimes lose your temper in combat.
                  | [a neqoxec]
 86423 | Pan      | Noticed Mnoleg
 86425 | Pan      | Lost mutation: A frigid envelope surrounds you and freezes
                  | all who hurt you. [potion of mutation]
 86425 | Pan      | Lost mutation: You sometimes lose your temper in combat.
                  | [potion of mutation]
 86425 | Pan      | Lost mutation: You are partially covered in large bone
                  | plates. (SH +4) [potion of mutation]
 86425 | Pan      | Lost mutation: You are frail. (-10% HP) [potion of
                  | mutation]
 86425 | Pan      | Lost mutation: You have hidden genetic defects. [potion of
                  | mutation]
 86425 | Pan      | Gained mutation: Your magical capacity is low. (-10% MP)
                  | [potion of mutation]
 86425 | Pan      | Gained mutation: Your flesh is cold resistant. (rC+)
                  | [potion of mutation]
 86425 | Pan      | Gained mutation: You occasionally shout uncontrollably at
                  | your foes. [a neqoxec]
 86431 | Pan      | Killed Mnoleg
 86580 | Pan      | Got a glowing rune of Zot
 86747 | Pan      | Gained mutation: You are weak. (Str -2) [a cacodemon]
 87061 | Pan      | Identified the +11 trident of Ignis's Benevolence {freeze,
                  | Str+3 Int+2}
 87086 | Pan      | Noticed Penoylal the pandemonium lord
 87095 | Pan      | Killed Penoylal the pandemonium lord
 87206 | Pan      | Found an exit through the horrors of the Abyss.
 87212 | Pan      | Took an exit into the Abyss.
 87212 | Abyss:1  | Escaped into the Abyss
 87216 | Abyss:1  | Found a shimmering altar of Xom.
 87217 | Abyss:1  | Found a shimmering altar of Xom.
 87217 | Abyss:1  | Found a shimmering altar of Xom.
 87218 | Abyss:1  | Found a shimmering altar of Xom.
 87218 | Abyss:1  | Found a shimmering altar of Xom.
 87220 | Abyss:1  | Found a shimmering altar of Xom.
 87220 | Abyss:1  | Found a corrupted altar of Lugonu.
 87220 | Abyss:1  | Found a shimmering altar of Xom.
 87220 | Abyss:1  | Found a shimmering altar of Xom.
 87221 | Abyss:1  | Found a shimmering altar of Xom.
 87221 | Abyss:1  | Found a shimmering altar of Xom.
 87221 | Abyss:1  | Found a shimmering altar of Xom.
 87222 | Abyss:1  | Found a shimmering altar of Xom.
 87228 | Abyss:1  | Found a corrupted altar of Lugonu.
 87236 | Abyss:1  | Found a shimmering altar of Xom.
 87236 | Abyss:1  | Found a shimmering altar of Xom.
 87303 | Abyss:1  | Found a corrupted altar of Lugonu.
 87516 | Abyss:2  | Found a corrupted altar of Lugonu.
 87524 | Abyss:2  | Found a corrupted altar of Lugonu.
 87542 | Abyss:2  | Found a corrupted altar of Lugonu.
 87545 | Abyss:2  | Found a corrupted altar of Lugonu.
 87577 | Abyss:3  | Noticed a dread lich
 87584 | Abyss:3  | Killed a dread lich
 87731 | Abyss:3  | Found a corrupted altar of Lugonu.
 87898 | Abyss:3  | Found a corrupted altar of Lugonu.
 87976 | Depths:3 | Escaped the Abyss
 88137 | Depths:4 | Voluntarily entered the Abyss.
 88193 | Abyss:3  | Found a corrupted altar of Lugonu.
 88266 | Abyss:3  | Found a corrupted altar of Lugonu.
 88269 | Abyss:3  | Found a corrupted altar of Lugonu.
 88269 | Abyss:3  | Found a corrupted altar of Lugonu.
 88296 | Depths:4 | Escaped the Abyss
 88326 | Depths:4 | Voluntarily entered the Abyss.
 88515 | Abyss:3  | Got an abyssal rune of Zot
 88543 | Depths:4 | Escaped the Abyss
 88705 | Depths:2 | Lost mutation: You occasionally shout uncontrollably at
                  | your foes. [potion of mutation]
 88705 | Depths:2 | Lost mutation: Your spells are easier to cast, but less
                  | powerful. [potion of mutation]
 88705 | Depths:2 | Lost mutation: Your spells are a little easier to cast, but
                  | a little less powerful. [potion of mutation]
 88705 | Depths:2 | Lost mutation: Your flesh is cold resistant. (rC+) [potion
                  | of mutation]
 88705 | Depths:2 | Gained mutation: You occasionally shout uncontrollably at
                  | your foes. [potion of mutation]
 88705 | Depths:2 | Gained mutation: You are frail. (-10% HP) [potion of
                  | mutation]
 88705 | Depths:2 | Gained mutation: Your system is resistant to poisons.
                  | (rPois) [potion of mutation]
 88705 | Depths:2 | Gained mutation: You are partially covered in iridescent
                  | scales. (AC +2) [potion of mutation]
 88706 | Depths:2 | Lost mutation: You occasionally shout uncontrollably at
                  | your foes. [potion of mutation]
 88706 | Depths:2 | Lost mutation: You are weak. (Str -2) [potion of mutation]
 88706 | Depths:2 | Lost mutation: You are partially covered in iridescent
                  | scales. (AC +2) [potion of mutation]
 88706 | Depths:2 | Lost mutation: Your system is resistant to poisons. (rPois)
                  | [potion of mutation]
 88706 | Depths:2 | Lost mutation: You are frail. (-10% HP) [potion of
                  | mutation]
 88706 | Depths:2 | Lost mutation: Your body sometimes deteriorates upon taking
                  | damage. [potion of mutation]
 88706 | Depths:2 | Gained mutation: You have sharp toenails. [potion of
                  | mutation]
 88706 | Depths:2 | Gained mutation: You are robust. (+10% HP) [potion of
                  | mutation]
 88706 | Depths:2 | Gained mutation: You are agile. (Dex +4, Str/Int -1)
                  | [potion of mutation]
 88706 | Depths:2 | Lost mutation: You are robust. (+10% HP) [potion of
                  | mutation]
 88706 | Depths:2 | Gained mutation: You passively map a small area around you.
                  | [potion of mutation]
 88706 | Depths:2 | Gained mutation: You sometimes lose your temper in combat.
                  | [potion of mutation]
 88706 | Depths:2 | Gained mutation: Your muscles are strong. (Str +4, Int/Dex
                  | -1) [potion of mutation]
 88707 | Depths:2 | Lost mutation: Your muscles are strong. (Str +4, Int/Dex
                  | -1) [potion of mutation]
 88707 | Depths:2 | Lost mutation: Your magical capacity is low. (-10% MP)
                  | [potion of mutation]
 88707 | Depths:2 | Lost mutation: You passively map a small area around you.
                  | [potion of mutation]
 88707 | Depths:2 | Lost mutation: You are agile. (Dex +4, Str/Int -1) [potion
                  | of mutation]
 88707 | Depths:2 | Gained mutation: You are partially covered in iridescent
                  | scales. (AC +2) [potion of mutation]
 88707 | Depths:2 | Gained mutation: You have a somewhat thin skeletal
                  | structure. (Dex +2, Stealth+) [potion of mutation]
 88707 | Depths:2 | Gained mutation: Your magical capacity is low. (-10% MP)
                  | [potion of mutation]
 88707 | Depths:2 | Gained mutation: You are partially covered in large bone
                  | plates. (SH +4) [potion of mutation]
 88707 | Depths:2 | Lost mutation: You sometimes lose your temper in combat.
                  | [potion of mutation]
 88707 | Depths:2 | Lost mutation: You have sharp toenails. [potion of
                  | mutation]
 88707 | Depths:2 | Gained mutation: You expend magic power (3 MP) to
                  | strengthen your wands. [potion of mutation]
 88792 | Hell     | Entered the Vestibule of Hell
 88794 | Hell     | Noticed Geryon
 88815 | Hell     | Killed Geryon
 89040 | Hell     | Found a gateway to the freezing wastes of Cocytus.
 89158 | Hell     | Found a gateway to the ashen valley of Gehenna.
 89362 | Hell     | Found a gateway to the decaying netherworld of Tartarus.
 89555 | Hell     | Found a gateway to the Iron City of Dis.
 89645 | Coc:1    | Entered Level 1 of Cocytus
 90772 | Coc:5    | Paralysed by a wendigo for 1 turns
 91320 | Coc:6    | Noticed a dread lich
 91329 | Coc:6    | Killed a dread lich
 91507 | Coc:7    | Entered Level 7 of Cocytus
 92146 | Coc:7    | Paralysed by a wendigo for 1 turns
 92386 | Coc:7    | Paralysed by a wendigo for 1 turns
 92624 | Coc:7    | Paralysed by a wendigo for 1 turns
 93207 | Coc:7    | Paralysed by a wendigo for 1 turns
 93473 | Coc:7    | Identified the +11 rapier of the Wizarding Genius {heavy,
                  | rElec}
 93764 | Coc:7    | Identified the amulet of Impatience {RegenMP rF+ Will++}
 93783 | Coc:7    | Identified the +8 rapier of Axa Ugaw {venom, rPois}
 93832 | Coc:7    | Learned a level 4 spell: Passage of Golubria
 93838 | Coc:7    | Reached skill level 27 in Invocations
 93866 | Coc:7    | Noticed Antaeus
 93887 | Coc:7    | Killed Antaeus
 93959 | Coc:7    | Identified the staff of cold "Puac" {Fly rF+ rC+}
 93972 | Coc:7    | Got an icy rune of Zot
 94087 | Geh:1    | Entered Level 1 of Gehenna
 94606 | Geh:3    | Noticed a dread lich
 94610 | Geh:3    | Killed a dread lich
 94977 | Geh:5    | Noticed a dread lich
 94982 | Geh:5    | Killed a dread lich
 95294 | Geh:6    | Found a runed translucent gate.
 95294 | Geh:6    | Found a runed translucent gate.
 95294 | Geh:6    | Found a runed translucent gate.
 95294 | Geh:6    | Found a runed translucent gate.
 95294 | Geh:6    | Found a runed translucent gate.
 95301 | Geh:6    | Found a runed translucent gate.
 95301 | Geh:6    | Found a runed translucent gate.
 95301 | Geh:6    | Found a runed translucent gate.
 95301 | Geh:6    | Found a runed translucent gate.
 95302 | Geh:6    | Found a runed translucent gate.
 95302 | Geh:6    | Found a runed translucent gate.
 95302 | Geh:6    | Found a runed translucent gate.
 95963 | Geh:7    | Entered Level 7 of Gehenna
 96245 | Geh:7    | Noticed the Serpent of Hell
 96254 | Geh:7    | Killed the Serpent of Hell
 96261 | Geh:7    | Reached skill level 5 in Dodging
 96731 | Geh:7    | Identified the +0 tower shield "Gekokk" {rPois Str-4 SInv}
 96763 | Geh:7    | Found the +13 sceptre of Asmodeus
 96763 | Geh:7    | Noticed Asmodeus
 96778 | Geh:7    | Killed Asmodeus
 96792 | Geh:7    | Got an obsidian rune of Zot
 96922 | Tar:1    | Entered Level 1 of Tartarus
 97826 | Tar:7    | Entered Level 7 of Tartarus
100146 | Tar:7    | Noticed Ereshkigal
100889 | Tar:7    | Got a bone rune of Zot
101352 | Tomb:1   | Entered Level 1 of the Tomb of the Ancients
101862 | Tomb:1   | Noticed a royal mummy
101955 | Tomb:1   | Noticed a royal mummy
101958 | Tomb:1   | Killed a royal mummy
101965 | Tomb:1   | Killed a royal mummy
102149 | Tomb:1   | Noticed a royal mummy
102159 | Tomb:1   | Killed a royal mummy
102655 | Tomb:2   | Noticed a royal mummy
102657 | Tomb:2   | Noticed a royal mummy
102659 | Tomb:2   | Noticed a royal mummy
102660 | Tomb:2   | Killed a royal mummy
102661 | Tomb:2   | Reached skill level 27 in Shields
102662 | Tomb:2   | Killed a royal mummy
102663 | Tomb:2   | Killed a royal mummy
102666 | Tomb:2   | Noticed a royal mummy
102671 | Tomb:2   | Killed a royal mummy
102897 | Tomb:2   | Identified the +1 robe of Acuray {rElec Regen+}
103204 | Tomb:2   | Noticed Boris
103208 | Tomb:2   | Killed Boris
103497 | Tomb:3   | Entered Level 3 of the Tomb of the Ancients
103517 | Tomb:3   | Noticed a royal mummy
103521 | Tomb:3   | Killed a royal mummy
103525 | Tomb:3   | Noticed a royal mummy
103527 | Tomb:3   | Noticed a royal mummy
103527 | Tomb:3   | Noticed a royal mummy
103530 | Tomb:3   | Killed a royal mummy
103532 | Tomb:3   | Killed a royal mummy
103532 | Tomb:3   | Killed a royal mummy
103537 | Tomb:3   | Noticed a royal mummy
103540 | Tomb:3   | Noticed a royal mummy
103543 | Tomb:3   | Noticed a royal mummy
103544 | Tomb:3   | Killed a royal mummy
103545 | Tomb:3   | Reached skill level 27 in Fighting
103545 | Tomb:3   | Killed a royal mummy
103545 | Tomb:3   | Noticed a royal mummy
103547 | Tomb:3   | Killed a royal mummy
103551 | Tomb:3   | Killed a royal mummy
103579 | Tomb:3   | Found the +10 dark maul {heavy}
103606 | Tomb:3   | Identified the +9 plate armour of Naqe {rC+ Will+}
103608 | Tomb:3   | Identified the +6 broad axe of Collusion {elec, Int+5
                  | Dex+3}
103610 | Tomb:3   | Identified the +1 dire flail "Rurotzorr" {heavy, Will- MP+9
                  | SInv}
103654 | Tomb:3   | Identified the +1 ring mail "Kuonibej" {rN+ Str+2}
103696 | Tomb:3   | Identified the +7 rapier of Floods {pain, Str+5}
103725 | Tomb:3   | Identified the +7 trident "Luzuhelo" {protect, Dex+3}
103890 | Tomb:3   | Identified the +1 great mace of the Snake Pit {flame, rF+
                  | MP+9}
103911 | Tomb:3   | Identified the +7 shortbow of Verdant Judgement {drain,
                  | +Blink rC+}
103960 | Tomb:3   | Got a golden rune of Zot
104542 | Dis:1    | Entered Level 1 of the Iron City of Dis
105735 | Dis:7    | Entered Level 7 of the Iron City of Dis
106414 | Dis:7    | Identified the +4 ring mail of Dim Light {-Cast rN+ Stlth+}
106584 | Dis:7    | Identified the +1 flail "Urull" {spect, rElec rF+ Dex+3}
106743 | Dis:7    | Noticed Dispater
106747 | Dis:7    | Killed Dispater
106764 | Dis:7    | Got an iron rune of Zot
107127 | Zot:5    | Noticed an ancient lich
107129 | Zot:5    | Killed an ancient lich
107140 | Zot:5    | Noticed an orb of fire
107142 | Zot:5    | Gained mutation: You are vulnerable to heat. (rF-) [an orb
                  | of fire]
107144 | Zot:5    | Killed an orb of fire
107145 | Zot:5    | Noticed an orb of fire
107146 | Zot:5    | Killed an orb of fire
107370 | Zot:5    | Noticed a dread lich
107372 | Zot:5    | Killed a dread lich
107549 | Zot:5    | Got the Orb of Zot
108063 | D:$      | Escaped with the Orb!

Illustrated notes

Levels and vault maps discovered:
D:1:      ncdulo_smallfort, layout_rooms, dreamdust_ecumenical_altar_statues
D:2:      layout_rooms, basic_altar, minivault_5
D:3:      layout_basic, biasface_ghost_orc_armoury
D:4:      layout_loops_ring, minmay_temple_entry_hall, serial_shops,
          kennysheep_mini, shop, minmay_fractal_squares_5
D:5:      layout_basic, serial_shops, shop_fountains
D:6:      layout_basic
D:7:      layout_layer_cave, nicolae_ossuary_entry_giza, grunt_ministairs_1
D:8:      layout_cave_pools, lemuel_coloured_pillars_altar, lair_entry_dummy,
          enter_bailey_6, uniq_pikel, uniq_maurice
D:9:      layout_rooms, mainiacjoe_overflow_concentric_impassable
D:10:     layout_roguey, old_standard_altar, serial_shops, shop,
          bh_hangedman_babel_library
D:11:     gammafunk_indiana_jones, layout_long_grid, david_orc_4,
          muffindrake_ghost_dual_entry, uniq_snorg
D:12:     layout_basic, fedhas_ov_isle_minmay, uniq_sonja
D:13:     layout_rooms, grunt_vaults_entry_fortified, grunt_livestock,
          kennysheep_decorative_pillar
D:14:     layout_roguey, maelrawn_ghost_gauntlet_escape, serial_park_tiny_1,
          minmay_misc_feat_cross, uniq_josephine
D:15:     grunt_enter_depths_hoard, layout_basic,
          chequers_serial_rivers_micro_b, nicolae_hepliaklqana_hazy_memory,
          uniq_azrael
Temple:   hellmonk_temple_divided_pantheon
Lair:1:   kb_forest_paths, layout_regular_city, nicolae_lair_lakeside_cave,
          uniq_nergalle
Lair:2:   layout_cave_pods, spider_nest_entry_web_field, minmay_shattered_shrine
Lair:3:   layout_cave_pods, minmay_swamp_entry_worms, lemuel_fruit_tree
Lair:4:   layout_loops_ring, slime_entry_2, grunt_forest_small_clearing_treed,
          infiniplex_staircase_pool
Lair:5:   due_jungle_book, layout_layer_cave, basic_altar,
          ebering_ghost_disaster_area
Swamp:1:  layout_basic_swamp, nicolae_swamp_godswood
Swamp:2:  layout_falls_marsh, nicolae_swamp_triple_paths, swamp_pool5
Swamp:3:  layout_basic_swamp, nicolae_swamp_tree_isthmus, swamp_pool2,
          nicolae_swamp_vermiculated
Swamp:4:  swamp_basic_johnstein, layout_basic_swamp, uniq_aizul
Spider:1: layout_spider_delve, nzn_ghost_randoct, hangedman_spider_mandibles,
          nicolae_spider_claw_tunnel, uniq_louise
Spider:2: layout_spider_delve
Spider:3: layout_cave_pods
Spider:4: spider_rune_water, spiders_nest_ghost_moth_duel, uniq_arachne
Slime:1:  layout_caves
Slime:2:  layout_caves
Slime:3:  layout_caves
Slime:4:  layout_caves, nicolae_slime_getting_an_eyeful, uniq_dissolution
Slime:5
Orc:1:    layout_diamond_mine, uniq_erolcha
Orc:2:    grunt_orc_gardens, layout_caves, grunt_orc_garden, grunt_orc_garden,
          grunt_orc_garden, grunt_orc_garden
Elf:1:    elf_arrival_002, layout_geoelf_grid, kennysheep_underground_church,
          uniq_donald
Elf:2:    nicolae_elf_blades_splatter_lattice [nicolae_blade_entry_pointy_end],
          layout_loops_cross, uniq_jorgrun
Elf:3:    minmay_elf_hall_circle, layout_geoelf_castle,
          serial_sigils_hangedman_stare, hex_medium
Vaults:1: ebering_ghost_reflecting_pool, v_misc_9, hangedman_vaults_snaps,
          vaults_room_corners, ontoclasm_vaults_gateway,
          nicolae_vaults_little_squares_4, layout_vaults_quadrants,
          serial_shops, nicolae_shop_advertising_works
          [nicolae_subvault_shop_adworks], uniq_asterion
Vaults:2: v_misc_4, nicolae_vaults_little_squares_3, st_star,
          nicolae_vaults_rhombus_7, v_misc_4, vaults_mumra_hex, v_rooms_3,
          grunt_vaults_bifocal, layout_vaults_big_room, serial_shops, shop,
          uniq_sojobo
Vaults:3: ploomutoo_gammafunk_ghost_potion_laboratory, vaults_room_fancy_cross,
          ontoclasm_vaults_shout, nicolae_vaults_theta,
          nicolae_vaults_what_the_h, serial_ice_g, nicolae_vaults_big_ls,
          minmay_crypt_entry_simple_plaza, hangedman_vaults_unwind,
          nicolae_vaults_ring_of_whatevers, v_misc_11, v_misc_12,
          ontoclasm_vaults_loading_screen, nicolae_vaults_little_squares_1,
          v_misc_33, layout_vaults_maze_bifur, uniq_boris
Vaults:4: nicolae_vaults_diagonal_hallway_7, v_misc_25, dpeg_vaults_monster_box,
          nicolae_vaults_specimen_jars, v_misc_18,
          vaults_room_hangedman_quadrants, v_misc_17,
          nicolae_vaults_little_squares_3, nicolae_vaults_little_squares_4,
          layout_vaults_ring, uniq_xtahua
Vaults:5: uniq_saint_roka
Crypt:1:  layout_chaotic_city, weyrava_lich_vault
Crypt:2:  layout_misc_corridors
Crypt:3:  david_glass_crypt, layout_chaotic_city, grunt_megastairs_5, uniq_grunn
Tomb:1
Tomb:2
Tomb:3
Depths:1: layout_small_grid, hellmouth_1, nrook_pool_corridor, kennysheep_boxes
Depths:2: minmay_bloctagon_deflated, layout_cave_shapes, rand_demon_pan_entry_9,
          abyss_entry, grunt_hell_entry_dis_mu, minmay_three_doors
Depths:3: lemuel_minitomb, layout_cave_pools, minmay_stone_trees_medium,
          marbit_kobold_abyss_entry, rand_demon_pan_entry_7, hell_entry,
          infiniplex_staircase_diamond, firewood_loft, uniq_frederick,
          uniq_josephina
Depths:4: evilmike_zot_entry_argh, layout_basic, enter_ziggurat_c,
          abyss_entry_small_statue_room, hell_entry, reono_crystal_passage
Hell
Dis:1:    layout_regular_city
Dis:2:    layout_subdivisions
Dis:3:    layout_subdivisions
Dis:4:    layout_subdivisions
Dis:5:    layout_subdivisions
Dis:6:    layout_regular_city
Dis:7:    iron_city_of_dis [dis_old, dis_wall_2], layout_gridville
Geh:1:    layout_gehenna_pools_basic, nicolae_geh_gnashing_of_teeth
Geh:2:    nicolae_geh_split_lavaduct, layout_gehenna_pools_triple
Geh:3:    layout_gehenna_lava_caves
Geh:4:    layout_gehenna_pools_basic
Geh:5:    layout_gehenna_pools_box, nicolae_geh_niches_of_the_damned
Geh:6:    layout_gehenna_pools_box, nicolae_geh_backdraft
Geh:7:    geh_grunt_pentagon
Coc:1:    layout_cocytus_water_paths
Coc:2:    layout_ice_bergs
Coc:3:    layout_cocytus_delve
Coc:4:    layout_ice_bergs
Coc:5:    layout_cocytus_water_paths
Coc:6:    layout_cocytus_water_paths
Coc:7:    coc_hangedman
Tar:1:    layout_cathedral_of_symmetry, nicolae_tar_cuneiform_water
Tar:2:    layout_grid_maze
Tar:3:    layout_grid_maze
Tar:4:    layout_grid_maze
Tar:5:    layout_grid_maze
Tar:6:    layout_catacombs
Tar:7:    tar_mu [tar_mu_maze]
Zot:1:    layout_gridville, grunt_megastairs_2
Zot:2:    layout_onion_interference, st_single_dragon_hoard_2,
          skrybe_zot_glass_1
Zot:3:    layout_misc_corridors
Zot:4:    layout_misc_corridors, grunt_megastairs_3
Zot:5:    layout_twisted_circle

Skill      XL: |  1  2  3  4  5  6  7  8  9 10 11 12 13 14 15 16 17 18 19 20 21 22 23 24 25 26 27 |
---------------+----------------------------------------------------------------------------------+-----
Maces & Flails | 2 3 5 7 8 10 11 12 15 16 18 20 25 | 25.6
Evocations     | 3 5 6 7 |  7.0
Invocations    | 1 5 7 9 10 12 15 17 20 27 | 27.0
Fighting       | 3 5 6 9 10 11 12 15 17 18 19 20 27 | 27.0
Armour         | 2 6 9 10 20 23 | 23.7
Shields        | 9 10 11 16 19 20 27 | 27.0
Translocations | 4 9 10 11 14 15 19 22 23 26 27 | 27.0
Air Magic      | 5 |  5.0
Dodging        | 5 |  5.0
Stealth        | |  5.4

Action                     |  1- 3 |  4- 6 |  7- 9 | 10-12 | 13-15 | 16-18 | 19-21 | 22-24 | 25-27 || total
---------------------------+-------+-------+-------+-------+-------+-------+-------+-------+-------++-------
  Melee: Mace              |    24 |       |       |       |       |       |       |       |       ||    24
         Tailslap          |     7 |    21 |    48 |    84 |   184 |   283 |   231 |   203 |   511 ||  1572
         Flail             |    76 |   109 |    76 |   194 |       |       |       |       |       ||   455
         Punch             |     1 |     2 |     1 |     3 |     7 |       |       |       |       ||    14
         Dire flail        |       |       |   176 |   210 |       |       |       |       |       ||   386
         Demon whip        |       |       |       |    83 |   675 |   639 |  1369 |  1679 |   429 ||  4874
         Whip              |       |       |       |       |   285 |   652 |       |       |       ||   937
         Kick              |       |       |       |       |       |       |   284 |   280 |       ||   564
         Eveningstar       |       |       |       |       |       |       |       |       |  3574 ||  3574
         Maul              |       |       |       |       |       |       |       |       |   303 ||   303
  Throw: Dart              |       |       |       |     2 |       |       |       |       |     1 ||     3
         Javelin           |       |       |       |       |       |     1 |       |       |       ||     1
   Cast: Blink             |       |       |       |       |       |     2 |       |     3 |     3 ||     8
         Manifold Assault  |       |       |       |       |       |    22 |   229 |   416 |  1253 ||  1920
         Vhi's Electric Ch |       |       |       |       |       |       |       |     7 |    49 ||    56
         Apportation       |       |       |       |       |       |       |       |       |     3 ||     3
 Invoke: Heroism           |       |       |     6 |    14 |    20 |    12 |     6 |    11 |     3 ||    72
         Finesse           |       |       |       |     3 |     5 |     6 |     4 |     6 |     1 ||    25
         Duel              |       |       |       |       |     1 |       |     1 |     1 |     1 ||     4
         Cleansing Flame   |       |       |       |       |       |       |       |       |   155 ||   155
         Divine Shield     |       |       |       |       |       |       |       |       |    57 ||    57
         Summon Divine War |       |       |       |       |       |       |       |       |    21 ||    21
         Brand Weapon With |       |       |       |       |       |       |       |       |     1 ||     1
  Evoke: Wand              |       |     5 |    12 |    23 |    10 |     2 |       |     1 |    10 ||    63
         Phial of floods   |       |       |       |       |       |     2 |       |     1 |       ||     3
         Phantom mirror    |       |       |       |       |       |       |       |       |     2 ||     2
    Use: Scroll            |     1 |       |    17 |     4 |     6 |    13 |     3 |    17 |    36 ||    97
         Potion            |     1 |       |     5 |     4 |     5 |     2 |     3 |     6 |    30 ||    56
   Stab: Sleeping          |    13 |     6 |    10 |    10 |    20 |    17 |     8 |       |       ||    84
         Distracted        |       |     1 |     1 |       |     2 |    11 |     2 |       |       ||    17
 Armour: Leather armour    |    32 |    38 |    93 |   191 |   362 |   332 |       |       |       ||  1048
         Swamp dragon scal |       |       |       |       |       |   168 |   190 |       |       ||   358
         Chain mail        |       |       |       |       |       |       |    26 |   113 |       ||   139
         Gold dragon scale |       |       |       |       |       |       |       |   299 |   941 ||  1240
         Skin              |       |       |       |       |       |       |       |       |   116 ||   116
  Dodge: Dodged            |    36 |    49 |   151 |   186 |   264 |   189 |    70 |   147 |   256 ||  1348
  Block: Other             |       |       |       |    64 |    88 |       |       |       |    35 ||   187
         Reflection        |       |       |       |     1 |     8 |    30 |    86 |    28 |       ||   153
         Tower shield      |       |       |       |       |   203 |  1384 |   891 |   932 |  2704 ||  6114
         Buckler           |       |       |       |       |    50 |       |       |       |       ||    50

Table legend: (Time is in decaauts)
 A = Elapsed time spent in this place.
 B = Non-inter-level travel time spent in this place.
 C = Inter-level travel time spent in this place.
 D = Time resting spent in this place.
 E = Time spent auto-exploring this place.
 F = Levels seen in this place.
 G = Mean time per level.
                   A        B        C        D        E       F      G
               +--------+--------+--------+--------+--------+-----+--------+
         Total | 106628 |  92899 |  13729 |  23106 |  46260 | 110 |  969.3 |
       Dungeon |  19967 |  15051 |   4916 |   2336 |   8988 |  15 | 1331.1 |
        Temple |     32 |     32 |      0 |      0 |      1 |   1 |   32.0 |
          Lair |  10102 |   8397 |   1705 |   2510 |   4297 |   5 | 2020.4 |
         Swamp |   4274 |   3744 |    530 |    781 |   2011 |   4 | 1068.5 |
   Spider Nest |   6825 |   6447 |    378 |   2017 |   2721 |   4 | 1706.2 |
    Slime Pits |   2085 |   1909 |    176 |   1276 |     91 |   5 |  417.0 |
  Orcish Mines |   2004 |   1585 |    419 |    371 |    877 |   2 | 1002.0 |
   Elven Halls |   5716 |   5304 |    412 |    706 |   3828 |   3 | 1905.3 |
        Vaults |  10242 |   8323 |   1919 |   1056 |   4755 |   5 | 2048.4 |
         Crypt |   2634 |   2364 |    270 |     59 |   1595 |   3 |  878.0 |
          Tomb |   2899 |   2754 |    145 |    493 |   1518 |   3 |  966.3 |
        Depths |  10075 |   8553 |   1522 |   2664 |   4708 |   4 | 2518.8 |
          Hell |    887 |    739 |    148 |      0 |    536 |   1 |  887.0 |
           Dis |   2433 |   2309 |    124 |    520 |   1332 |   7 |  347.6 |
       Gehenna |   2691 |   2631 |     60 |   1173 |    783 |   7 |  384.4 |
       Cocytus |   4280 |   4221 |     59 |   2190 |   1003 |   7 |  611.4 |
      Tartarus |   4044 |   3747 |    297 |    846 |   2085 |   7 |  577.7 |
           Zot |   8192 |   7549 |    643 |   2607 |   3490 |   5 | 1638.4 |
         Abyss |   1095 |   1095 |      0 |     41 |     58 |   5 |  219.0 |
   Pandemonium |   5152 |   5152 |      0 |   1192 |   1363 |  11 |  468.4 |
       Ossuary |    390 |    390 |      0 |     96 |     28 |   1 |  390.0 |
        Bailey |    514 |    514 |      0 |    132 |    192 |   1 |  514.0 |
         Arena |     82 |     82 |      0 |     35 |      0 |   4 |   20.5 |
               +--------+--------+--------+--------+--------+-----+--------+

Top non-repeatable levels by time:
Depths:4: 3194 daAuts
   Tar:7: 3173 daAuts
  Lair:2: 2864 daAuts
Depths:3: 2854 daAuts
   Zot:1: 2835 daAuts
  Lair:1: 2663 daAuts
   Elf:3: 2477 daAuts
   Coc:7: 2470 daAuts
    D:11: 2403 daAuts
Spider:3: 2357 daAuts
Vaults:1: 2351 daAuts
Vaults:3: 2343 daAuts
    D:13: 2241 daAuts
Vaults:2: 2138 daAuts
Spider:1: 2132 daAuts
